 Dungeon Crawl Stone Soup version 0.16-a0-3280-g3a29b53 (webtiles) character file.

96 Ololoev the Poker (level 4, -5/33 HPs)
             Began as a Merfolk Gladiator on Dec 24, 2014.
             Slain by a gnoll
             ... wielding a +0 whip
              (7 damage)
             ... on level 3 of the Dungeon.
             The game lasted 00:05:30 (2684 turns).

Ololoev the Poker (Merfolk Gladiator)               Turns: 2684, Time: 00:05:30

Health: -5/33      AC:  5    Str: 16    XL:     4   Next: 67%
Magic:  4/4        EV: 13    Int:  7    God:
Gold:   163        SH:  0    Dex: 14    Spells: 0 memorised, 3 levels left

rFire  . . .     SeeInvis .     a - +0 trident
rCold  . . .     Clarity  .     b - +0 leather armour
rNeg   . . .     SustAb   .     (no shield)
rPois  .         Gourm    .     c - +0 helmet
rElec  .         Spirit   .     r - +0 cloak
rCorr  .         Warding  .     (no gloves)
rMut   .         Stasis   .     (no boots)
MR     .....                    (no amulet)
Stlth  +.........               (no ring)
                                (no ring)

@: not resistant to hostile enchantments, very unstealthy
A: change form in water, swift swim
a: no special abilities


You were on level 3 of the Dungeon.
You were hungry.

You visited 1 branch of the dungeon, and saw 3 of its levels.

You collected 163 gold pieces.

Notes
Turn   | Place    | Note
--------------------------------------------------------------
     0 | D:1      | Ololoev, the Merfolk Gladiator, began the quest for the Orb.
     0 | D:1      | Reached XP level 1. HP: 16/16 MP: 1/1
   494 | D:1      | Reached skill level 5 in Polearms
   564 | D:1      | Reached XP level 2. HP: 6/22 MP: 2/2
  1742 | D:2      | Reached skill level 6 in Polearms
  1742 | D:2      | Reached XP level 3. HP: 25/27 MP: 3/3
  2454 | D:2      | Reached skill level 7 in Polearms
  2454 | D:2      | Reached XP level 4. HP: 33/33 MP: 4/4
  2684 | D:3      | Slain by a gnoll

Inventory:

Hand weapons
 a - a +0 trident (weapon)
Missiles
 d - 3 throwing nets (quivered)
Armour
 b - a +0 leather armour (worn)
 c - a +0 helmet (worn)
 r - a +0 cloak (worn)
Scrolls
 k - a scroll of remove curse {unknown}
 n - a scroll of recharging {unknown}
 o - a scroll of enchant armour {unknown}
 p - a scroll of enchant weapon {unknown}
 q - 4 scrolls of blinking {unknown}
 s - a scroll of identify {unknown}
 w - a scroll of magic mapping {unknown}
 x - 2 scrolls of teleportation {unknown}
Potions
 e - a potion of curing
 g - a potion of haste {unknown}
 h - a potion of restore abilities
 i - 3 potions of might
 j - a potion of ambrosia
 l - a potion of heal wounds {unknown}
 m - a potion of cancellation {unknown}
 u - a potion of agility {unknown}
 v - a potion of poison {unknown}
 A - 2 potions of lignification {unknown}
 C - a potion of invisibility {unknown}
Comestibles
 f - a bread ration
 t - a meat ration
 z - a slice of pizza
 B - a chunk of flesh

Table legend:
 A = Turns spent in this place as a percentage of turns spent in the entire game.
 B = Non-inter-level travel turns spent in this place as a percentage of non-inter-level travel turns spent in the entire game.
 C = Inter-level travel turns spent in this place as a percentage of turns spent in this place.
 D = Turns resting spent in this place as a percentage of non-inter-level travel turns spent in this place.
 E = Turns spent auto-exploring this place as a percentage of non-inter-level travel turns spent in this place.
 F = Non-inter-level travel turns spent in this place divided by the number of levels of this place that you've seen.
                   A       B       C       D       E      F
               +-------+-------+-------+-------+-------+----------------------
         Total | 100.0 | 100.0 |   0.5 |   3.0 |  10.4 | 262.3
       Dungeon | 100.0 | 100.0 |   0.5 |   3.0 |  10.4 | 262.3
               +-------+-------+-------+-------+-------+----------------------


   Skills:
 - Level 2.1 Fighting
 + Level 7.3 Polearms
 - Level 2.0 Throwing
 + Level 0.7 Armour
 - Level 4.0 Dodging


You had 3 spell levels left.
You didn't know any spells.

Dungeon Overview and Level Annotations

Branches:
Dungeon (3/15)

Altars:


Message History

You are too injured to fight recklessly!
You are too injured to fight recklessly!
You are too injured to fight recklessly!
You are too injured to fight recklessly!
You are too injured to fight recklessly!
You are too injured to fight recklessly!
You hit the gnoll.
The gnoll is lightly wounded.
You barely miss the gnoll.
The gnoll is lightly wounded.
The gnoll barely misses you.
You barely miss the gnoll.
The gnoll is lightly wounded.
The gnoll closely misses you.
You hit the gnoll.
The gnoll is lightly wounded.
The gnoll hits you with a club.
You puncture the gnoll!
The gnoll is severely wounded.
The gnoll barely misses you.
You hit the gnoll.
The gnoll is almost dead.
The gnoll completely misses you.
You hit the gnoll.
You kill the gnoll!
You hit the gnoll but do no damage. The gnoll closely misses you.
You completely miss the gnoll. The gnoll barely misses you.
You barely miss the gnoll. The gnoll closely misses you.
You hit the gnoll.
The gnoll is lightly wounded.
The gnoll hits you with a whip.
You hit the gnoll.
The gnoll is heavily wounded.
You barely miss the gnoll.
The gnoll is heavily wounded.
The gnoll hits you with a whip.
You closely miss the gnoll.
The gnoll is heavily wounded.
The gnoll hits you with a whip!
You die...

.. .. #.. ######.#
.......#######.# #
................#.
.# ##...###### #.#
.# #..#......# #g#
.###....####.# #@#
.......#####.###$#
.........†.......#
.##..#.#####.#####
.......# #.#
.##).#.# #..
.##..#.# ###
.......# ###..###


You could see a gnoll.

Table legend:
 A = Kills in this place as a percentage of kills in entire the game.
 B = Kills by you in this place as a percentage of kills by you in the entire game.
 C = Kills by friends in this place as a percentage of kills by friends in the entire game.
 D = Other kills in this place as a percentage of other kills in the entire game.
 E = Experience gained in this place as a percentage of experience gained in the entire game.
 F = Experience gained in this place divided by the number of levels of this place that you have seen.
                   A       B       C       D       E      F
               +-------+-------+-------+-------+-------+----------------------
         Total | 100.0 | 100.0 |  -nan |  -nan | 100.0 |  46.0
       Dungeon | 100.0 | 100.0 |  -nan |  -nan | 100.0 |  46.0
               +-------+-------+-------+-------+-------+----------------------

Vanquished Creatures
  A gnoll (D:3)
  3 adders
  4 worms (D:2)
  A giant gecko (D:1)
  An ooze (D:2)
  4 bats
  A giant cockroach (D:2)
  2 goblins
  5 hobgoblins
  4 jackals (D:3)
  A quokka (D:1)
  5 kobolds
  6 rats
38 creatures vanquished.

Action                   |  1- 3 |  4- 6 || total
-------------------------+-------+-------++-------
Melee: Trident           |   116 |    64 ||   180
  Use: Potion            |     4 |       ||     4
  Eat: Chunk             |     4 |     1 ||     5

Vault maps used:
D:1:      lightli_arrival_chessboard, serial_co_window_serial,
          co_window_of_opportunity_a, co_window_cross_1, co_window_paths_a,
          co_window_of_opportunity_a, co_window_of_opportunity_a,
          co_window_paths_c, co_window_paths_c, co_window_unsneaky_path_b,
          co_window_paths_d, patterned_corridor
D:2:      kennysheep_minor_cross
D:3:      first_bread
